 Dungeon Crawl Stone Soup version 0.24.0-13-gcf9b3192b9 (webtiles) character file.

Game seed: 11210003504598062202, levelgen mode: deterministic

209 bl3nd3r the Chopper (level 5, -9/45 HPs)
             Began as a Minotaur Berserker on Nov 8, 2019.
             Was a Believer of Trog.
             Mangled by a gnoll
             ... wielding a +0 halberd
              (13 damage)
             ... on level 3 of the Dungeon.
             The game lasted 00:03:11 (2658 turns).

bl3nd3r the Chopper (Minotaur Berserker)            Turns: 2658, Time: 00:03:11

Health: -9/45      AC:  4    Str: 22    XL:     5   Next: 55%
Magic:  4/4        EV: 12    Int:  4    God:    Trog [**....]
Gold:   67         SH:  0    Dex: 10    Spells: 4/4 levels left

rFire    . . .     SeeInvis .   a - +0 hand axe
rCold    + . .     Gourm    .   (no shield)
rNeg     . . .     Faith    .   e - +0 leather armour
rPois    .         Spirit   .   (helmet restricted)
rElec    .         Reflect  .   p - +0 cloak
rCorr    .         Harm     .   (no gloves)
MR       .....                  (no boots)
Stlth    +.........             (no amulet)
HPRegen  0.15/turn              d - ring of protection from cold
MPRegen  0.09/turn              (no ring)

@: no status effects
A: retaliatory headbutt, horns 2
a: Berserk, Trog's Hand, Renounce Religion


You were on level 3 of the Dungeon.
You worshipped Trog.
Trog was pleased with you.
You were not hungry.

You visited 1 branch of the dungeon, and saw 3 of its levels.

You collected 67 gold pieces.

Inventory:

Hand Weapons
 a - a +0 hand axe (weapon)
Armour
 e - a +0 leather armour (worn)
 p - a +0 cloak (worn)
Jewellery
 d - a ring of protection from cold (left hand)
Scrolls
 i - 4 scrolls of identify {unknown}
 j - 2 scrolls of remove curse {unknown}
 l - a scroll of fog {unknown}
 n - a scroll of teleportation {unknown}
Potions
 f - 2 potions of curing {unknown}
 g - 2 potions of mutation {unknown}
 h - 3 potions of heal wounds {unknown}
 k - a potion of degeneration {unknown}
 m - a potion of might {unknown}
 o - a potion of ambrosia {unknown}
Comestibles
 b - 4 chunks of flesh
 c - 8 rations


   Skills:
 - Level 3.6 Fighting
 * Level 7.6 Axes
 - Level 2.4 Armour
 - Level 2.1 Dodging


You had 4 spell levels left.
You didn't know any spells.
Your spell library was empty.

Dungeon Overview and Level Annotations

Branches:
Dungeon (3/15)

Altars:
Dithmenos
Qazlal
Xom
The Shining One


Innate Abilities, Weirdness & Mutations

You reflexively headbutt those who attack you in melee.
You have a pair of horns on your head.


Message History

The gnoll shouts!
You hit the gnoll. Your headbutt misses the gnoll.
The gnoll is severely wounded.
You hear a shout!
The gnoll barely misses you. The gnoll hits you but does no damage.
You barely miss the gnoll. Your headbutt misses the gnoll.
The gnoll is heavily wounded.
The gnoll hits you with a +0 whip.
You slash the gnoll!
You kill the gnoll!
Trog accepts your kill.
The gnoll hits you from afar with a +0 halberd!
The gnoll hits you with a +0 halberd.
The gnoll hits you from afar with a +0 halberd!
* * * LOW HITPOINT WARNING * * *
You hit the gnoll but do no damage. The gnoll hits you with a +0 halberd.
* * * LOW HITPOINT WARNING * * *
The gnoll hits you with a +0 halberd!
You die...

# .# .## ###.## #..
#.... #. #.# #.#.#
###.. #.###.#.# ....
#.......#
#...#......### #
#...#.......g####
#.#...#.###....@g.#
##.#........#.####.#
................ #
.....###.........
##...........####
#.....#.##### #
#.#..รท..#
+...###.### #
#.......#


You could see 2 gnolls.

Vanquished Creatures
  2 orc wizards (D:3)
  Natasha (twice) (D:3)
  A gnoll (D:3)
  4 adders (D:2)
  2 worms (D:2)
  4 dart slugs
  3 leopard geckos
  2 orcs (D:3)
  A giant cockroach (D:1)
  3 goblins
  8 hobgoblins
  8 jackals
  3 ball pythons
  5 bats
  7 frilled lizards
  7 kobolds
  4 rats
66 creatures vanquished.

Notes
Turn   | Place    | Note
-------+----------+-------------------------------------------
     0 | D:1      | bl3nd3r the Minotaur Berserker began the quest for the Orb.
     0 | D:1      | Reached XP level 1. HP: 19/19 MP: 0/0
   105 | D:1      | Reached skill level 4 in Axes
   161 | D:1      | Reached XP level 2. HP: 16/26 MP: 1/1
  1019 | D:1      | Reached skill level 5 in Axes
  1103 | D:2      | Reached XP level 3. HP: 28/31 MP: 2/2
  1105 | D:2      | Reached ** piety under Trog
  1634 | D:2      | Reached skill level 6 in Axes
  1634 | D:2      | Reached XP level 4. HP: 39/39 MP: 3/3
  1881 | D:2      | Found a shimmering altar of Xom.
  2214 | D:3      | Found a stormy altar of Qazlal.
  2236 | D:3      | Noticed Natasha
  2241 | D:3      | Killed Natasha
  2272 | D:3      | Found a glowing golden altar of the Shining One.
  2326 | D:3      | Reached skill level 7 in Axes
  2326 | D:3      | Reached XP level 5. HP: 31/45 MP: 4/4
  2421 | D:3      | Noticed Natasha
  2431 | D:3      | Killed Natasha
  2608 | D:3      | Found a shadowy altar of Dithmenos.
  2658 | D:3      | Mangled by a gnoll

Levels and vault maps discovered:
D:1:      minmay_arrival_doors, layout_basic, hangedman_decor_lopped
D:2:      minmay_skewed_foursquare, layout_basic, old_standard_altar,
          first_ration
D:3:      layout_basic, grunt_qazlal_sundering, nicolae_overflow_crystal_walls,
          lemuel_doored_altar, uniq_natasha

Skill      XL: |  1  2  3  4 |
---------------+-------------+-----
Axes           | 4 5 6 7 |  7.6
Fighting       | |  3.6
Armour         | |  2.4
Dodging        | |  2.1

Action                   |  1- 3 |  4- 6 || total
-------------------------+-------+-------++-------
Melee: Hand axe          |    94 |    63 ||   157
       Headbutt          |    13 |     5 ||    18
Invok: Trog's Hand       |       |     1 ||     1
  Eat: Chunk             |     2 |     4 ||     6
Armor: Leather armour    |    24 |    15 ||    39
Dodge: Dodged            |    73 |    36 ||   109
